 Dungeon Crawl Stone Soup version 0.31.0-32-g396128a36d (webtiles) character file.

Game seed: 5931670134864802857

82 Alphaeus the Ruffian (level 4, -2/29 HPs)
             Began as an Octopode Shapeshifter on Mar 19, 2024.
             Slain by a quokka (4 damage)
             ... on level 2 of the Dungeon.
             The game lasted 00:00:55 (709 turns).

Alphaeus the Ruffian (Octopode Shapeshifter)         Turns: 709, Time: 00:00:55

Health: -2/29      AC:  1    Str: 15    XL:     4   Next: 43%
Magic:  4/4        EV: 13    Int: 12    God:
Gold:   43         SH:  0    Dex: 11    Spells: 3/3 levels left

rFire   . .          .
                       - Unarmed
rCold   . . .        (no shield)
rNeg    . . .        (helmet currently unavailable)
rPois   .            (no amulet)
rElec   .            (no ring)
rCorr   .            (no ring)
SInv    .            (no ring)
Will    .....        (no ring)
Stlth   ++           (no ring)
HPRegen 0.24/turn    (no ring)
MPRegen 0.09/turn    (no ring)
                     (no ring)

%: no passive effects
@: beast-form
A: beast (slay +2), almost no armour, amphibious, 8 rings, camouflage 1,
gelatinous body 1, (nimble swimmer 1), tentacles
a: Begin Untransformation


You were on level 2 of the Dungeon.
You were a hulking beast.
You visited 1 branch of the dungeon, and saw 2 of its levels.

You collected 43 gold pieces.

Inventory:

Talismans
 b - a beast talisman
 c - a flux talisman
Scrolls
 d - a scroll of immolation {unknown}
 g - a scroll of identify {unknown}
 j - a scroll of teleportation {unknown}
Potions
 a - a potion of lignification
 e - a potion of heal wounds {unknown}
 f - 2 potions of mutation {unknown}
 h - a potion of magic {unknown}
 i - a potion of berserk rage {unknown}


   Skills:
 + Level 1.8 Fighting
 + Level 2.5 Dodging
 * Level 3.8 Unarmed Combat
 * Level 3.6 Shapeshifting


You had 3 spell levels left.
You didn't know any spells.
Your spell library contained the following spells:

 Spells                   Type           Power      Damage    Failure   Level
 Inner Flame              Hex/Fire       0%         N/A       69%         3
 Irradiate                Conj/Alch      0%         3d11      100%        5
 Summon Forest            Summ/Tloc      0%         N/A       100%        5
 Summon Mana Viper        Hex/Summ       0%         N/A       100%        5
 Summon Cactus Giant      Summ           0%         N/A       100%        6
 Ignition                 Fire           0%         3d3       100%        8


Dungeon Overview and Level Annotations

Branches:
Dungeon (2/15)

Altars:


Innate Abilities, Weirdness & Mutations

You are a hulking beast.
Your limbs bulge with bestial killing power. (Slay +2)
You cannot wear most types of armour.
You are amphibious.
You can wear up to eight rings at the same time.
Your skin changes colour to match your surroundings (Stealth+).
Your rubbery body absorbs attacks. (AC +1, EV +1)
((You are camouflaged when in or above water. (Stealth+)))
You have tentacles for arms and can constrict up to eight enemies at once.


Message History

You are too injured to fight recklessly!
You are too injured to fight recklessly!
You are too injured to fight recklessly!
You are too injured to fight recklessly!
You are too injured to fight recklessly!
You are too injured to fight recklessly!
You are too injured to fight recklessly!
You are too injured to fight recklessly!
You are too injured to fight recklessly!
You are too injured to fight recklessly!
You are too injured to fight recklessly!
You are too injured to fight recklessly!
You are too injured to fight recklessly!
You bludgeon the gnoll!
You kill the gnoll!
The gnoll closely misses you.
You completely miss the gnoll. You grab the gnoll. You squeeze the gnoll.
The gnoll is heavily wounded.
You constrict the gnoll. The gnoll completely misses you.
You tentacle-slap the gnoll.
You squeeze the gnoll, but do no damage.
The gnoll is severely wounded.
You constrict the gnoll. The gnoll hits you with a +0 spear.
* * * LOW HITPOINT WARNING * * *
You tentacle-slap the gnoll.
You kill the gnoll!
A quokka comes into view.
You see here a +0 spear.
You see here a hobgoblin corpse.
You start resting.
A quokka is nearby!
The quokka bites you.
* * * LOW HITPOINT WARNING * * *
You see here a hobgoblin corpse.
You closely miss the quokka. Your grab misses the quokka.
Your squeeze misses the quokka. The quokka closely misses you.
You tentacle-slap the quokka. Your grab misses the quokka.
The quokka is severely wounded.
The quokka bites you.
You die...

# ###.. ##...
#r###... #.....
###...... ##..#...
[.....))# .#...##...
#r# ...## #... #.###
#..# ##..
#.).####...## #...
###r........## #...
#.h.#........###...
#.##..........##...
...##..........##...
######..........###..
#..........#....
#............###
##.........# #
#..........# #
####..........# ##


You could see a quokka.

Vanquished Creatures
  3 gnolls (D:2)
  2 adders (D:2)
  3 dart slugs (D:1)
  4 ball pythons
  4 bats
  5 endoplasms
  A giant cockroach (D:1)
  A goblin (D:1)
  2 hobgoblins
  A kobold (D:1)
  A frilled lizard (D:1)
  4 rats (D:1)
31 creatures vanquished.

Notes
Turn   | Place    | Note
-------+----------+-------------------------------------------
     0 | D:1      | Alphaeus the Octopode Shapeshifter began the quest for the
                  | Orb.
     0 | D:1      | Reached XP level 1. HP: 13/13 MP: 1/1
    68 | D:1      | Reached XP level 2. HP: 10/18 MP: 2/2
   435 | D:1      | Reached XP level 3. HP: 23/23 MP: 3/3
   693 | D:2      | Reached XP level 4. HP: 29/29 MP: 4/4
   707 | D:2      | HP: 1/29 [quokka (4)]
   709 | D:2      | Slain by a quokka

Illustrated notes

Levels and vault maps discovered:
D:1:      amcnicky_arrival_wind_blow, layout_rooms
D:2:      layout_rooms

Action                     |  1- 3 |  4- 6 || total
---------------------------+-------+-------++-------
  Melee: Unarmed           |    62 |     7 ||    69
         Constrict         |    17 |     1 ||    18
         Tentacles         |    12 |     3 ||    15
         Punch             |     2 |       ||     2
   Stab: Sleeping          |     2 |       ||     2
 Armour: Skin              |    19 |     6 ||    25
  Dodge: Dodged            |    31 |     6 ||    37
